 Dungeon Crawl Stone Soup version 0.31.0-4-g52a2dc7128 (webtiles) character file.

Game seed: 7433641684238121747

3879 gelatine the Cleaver (level 10, -1/76 HPs)
             Began as a Demonspawn Fighter on Jan 21, 2024.
             Slain by a sun demon (19 damage)
             ... summoned by an orc high priest
             ... in a bailey.
             The game lasted 00:18:21 (5766 turns).

gelatine the Cleaver (Demonspawn Fighter)           Turns: 5766, Time: 00:18:21

Health: -1/76      AC: 13    Str: 20    XL:     10   Next: 0%
Magic:  10/10      EV: 14    Int: 10    God:
Gold:   27         SH:  9    Dex: 12    Spells: 9/9 levels left

rFire   . . .        a - +0 war axe
rCold   . . .        B - +0 kite shield
rNeg    . . .        H - +3 leather armour
rPois   .            p - +2 helmet
rElec   .            C - +2 cloak
rCorr   .            (no gloves)
SInv    .            (no boots)
Will    .....        m - amulet of regeneration
Stlth   +            (no ring)
HPRegen 1.12/turn    (no ring)
MPRegen 0.12/turn

%: no passive effects
@: no status effects
A: repulsion field 2, powered by death 3, demonic touch 1
a: no special abilities


You were in a bailey.
You visited 2 branches of the dungeon, and saw 9 of its levels.
You also visited: Bailey.

You collected 445 gold pieces.
You spent 418 gold pieces at shops.

Inventory:

Hand Weapons
 a - a +0 war axe (weapon)
Missiles
 g - a throwing net
 i - 28 stones (quivered)
 t - a curare-tipped dart
Armour
 c - a +0 buckler
 d - +0 steam dragon scales
 p - a +2 helmet (worn)
 r - a +0 ring mail of poison resistance
 B - a +0 kite shield (worn)
 C - a +2 cloak (worn)
 H - a +3 leather armour (worn)
Jewellery
 f - an amulet of guardian spirit
 k - the amulet "Qorph" {Acrobat Int-4 Dex+6 SInv}
   (You found it on level 5 of the Dungeon)

   [amulet of the acrobat]

   Acrobat:   It increases your evasion while moving and waiting.
   Int-4:     It affects your intelligence (-4).
   Dex+6:     It affects your dexterity (+6).
   SInv:      It lets you see invisible.
 m - an amulet of regeneration (around neck)
Wands
 l - a wand of polymorph (13)
 o - a wand of flame (5)
Scrolls
 e - a scroll of revelation
 n - 3 scrolls of immolation
 q - a scroll of fog {unknown}
 s - a scroll of butterflies
 u - a scroll of enchant armour {unknown}
 w - a scroll of amnesia {unknown}
 x - a scroll of silence {unknown}
 y - 2 scrolls of teleportation {unknown}
 D - a scroll of enchant weapon {unknown}
Potions
 b - a potion of mutation
 h - 4 potions of heal wounds
 j - 3 potions of curing
 v - 3 potions of brilliance
 z - a potion of attraction {unknown}
 A - a potion of invisibility {unknown}
 E - a potion of degeneration {unknown}
 F - a potion of lignification {unknown}
 G - a potion of haste {unknown}


   Skills:
 + Level 5.7 Fighting
 + Level 8.8 Axes
 + Level 2.1 Throwing
 + Level 5.6 Armour
 + Level 4.3 Dodging
 + Level 1.0 Stealth
 + Level 4.8 Shields
 + Level 3.1 Evocations


You had 9 spell levels left.
You didn't know any spells.
Your spell library contained the following spells:

 Spells                   Type           Power      Damage    Failure   Level
 Freeze                   Ice            0%         1d3       71%         1
 Magic Dart               Conj           0%         1d3       71%         1
 Blink                    Tloc           0%         N/A       83%         2
 Call Imp                 Summ           0%         N/A       83%         2
 Call Canine Familiar     Summ           0%         N/A       97%         3
 Dazzling Flash           Conj/Hex       0%         N/A       97%         3
 Frozen Ramparts          Ice            0%         1d1       97%         3
 Hailstorm                Conj/Ice       0%         3d5       97%         3
 Mephitic Cloud           Conj/Alch/Air  0%         N/A       97%         3
 Sigil of Binding         Hex            0%         N/A       97%         3
 Dimensional Bullseye     Hex/Tloc       0%         N/A       100%        4
 Curse of Agony           Necr           0%         N/A       100%        5
 Silence                  Hex/Air        0%         N/A       100%        5
 Haunt                    Necr/Summ      0%         N/A       100%        7
 Borgnjor's Revivificati  Necr           0%         N/A       100%        8
 Death's Door             Necr           0%         N/A       100%        9


Dungeon Overview and Level Annotations

Branches:
Dungeon (8/15)             Temple (1/1) D:6          Bailey (1/1)
   Lair: D:8-11

Altars:
Ashenzari
Dithmenos
Gozag
Hepliaklqana
Kikubaaqudgha
Makhleb
Nemelex Xobeh
Okawaru
Qazlal
Sif Muna
Trog
Uskayaw
Vehumet
Wu Jian
Yredelemnul

Shops:
D:1 [   D:6 *


Innate Abilities, Weirdness & Mutations

You are surrounded by a moderate repulsion field. (EV +3)
You regenerate a lot of health from kills.
Your touch may inflict minor irresistible damage on your foes.


Message History

There is an open door, spattered with blood here.
Items here: )))) [[[[ ††.
Okay, then.
Items here: )) [[ †.
Okay, then.
There is an open door, spattered with blood here.
Items here: )))) [[[[ ††.
You open the door.
There is an open door here.
You open the door.
There is an open door here.
You enter the shallow water.
Moving in this stuff is going to be slow.
There is an open door here.
Found a gate leading back out of this place.
You open the door.
Found 16 gold pieces.
There is an open door here.
You now have 27 gold pieces (gained 16).
There is an open door here.
An orc high priest comes into view. It is wielding a +0 war axe.
The orc high priest shouts!
The orc high priest mumbles some strange prayers to Beogh.
There is an open door here.
There is an open door, spattered with blood here.
Items here: )))) [[[[ ††.
The sun demon attacks as it pursues you!
The sun demon barely misses you.
There is a large open door here.
Things that are here:
a +0 hand axe; a +0 leather armour You hit the sun demon but do no damage.
The sun demon hits you!
You are engulfed in flames!!
The sun demon hits you but does no damage.
You slash the sun demon!
The sun demon is moderately wounded.
The sun demon hits you!!
* * * LOW HITPOINT WARNING * * *
You are engulfed in flames!!
You die...

≈≈≈≈≈≈≈~.##o#
≈≈≈≈≈≈≈~.#).#
≈≈≈≈≈≈≈~.#.8# #o.#
#.8#### #.....#######
#.8...#.....#
#.....#.....#
####..#@.⌠..#
#..3.....+ #..')))..+
#####'''#####
#...........#
######~~~~...~~~~######
≈≈≈≈≈≈≈≈≈≈...≈≈≈≈≈≈≈≈≈≈
≈≈≈≈≈≈≈≈≈≈...≈≈≈≈≈≈≈≈≈≈
≈≈≈≈≈≈≈≈≈≈...≈≈≈≈≈≈≈≈≈≈


You could see a sun demon (summoned).

Vanquished Creatures
  Joseph (D:7)
  Maggie (D:8)
  3 yaks (D:8)
  Menkaure (D:6)
  2 ice beasts
  An orc warrior (Bailey)
  3 black bears
  2 ogres (D:4)
  3 centaurs
  A kobold brigand (D:8)
  A bullfrog (D:6)
  4 scorpions
  2 gnoll sergeants
  11 wights
  A howler monkey (D:5)
  A jelly (D:8)
  2 orc priests
  2 bombardier beetles (D:5)
  4 hounds
  An iguana (D:4)
  Ijyb (D:3)
  Terence (D:3)
  4 orc wizards
  12 gnolls
  6 adders
  A shadow imp (D:7)
  A white imp (D:6)
  2 ufetubi (D:7)
  A ribbon worm (D:5)
  2 dart slugs
  14 orcs
  5 ball pythons
  3 endoplasms
  7 giant cockroaches
  6 goblins
  8 hobgoblins
  10 kobolds
  5 bats
  2 frilled lizards (D:3)
  4 rats
142 creatures vanquished.

Notes
Turn   | Place    | Note
-------+----------+-------------------------------------------
     0 | D:1      | gelatine the Demonspawn Fighter began the quest for the
                  | Orb.
     0 | D:1      | Reached XP level 1. HP: 18/18 MP: 1/1
   191 | D:1      | Found Osmuc's Antique Armour Emporium.
   369 | D:1      | Gained mutation: You regenerate a little health from kills.
                  | [demonic ancestry]
   369 | D:1      | Reached XP level 2. HP: 24/24 MP: 2/2
   705 | D:2      | Reached skill level 2 in Axes
   705 | D:2      | Reached XP level 3. HP: 21/29 MP: 3/3
  1709 | D:3      | Noticed Ijyb
  1717 | D:3      | Killed Ijyb
  1718 | D:3      | Gained mutation: You are surrounded by a mild repulsion
                  | field. (EV +2) [demonic ancestry]
  1718 | D:3      | Reached XP level 4. HP: 30/35 MP: 4/4
  1774 | D:3      | Noticed Terence
  1797 | D:3      | Killed Terence
  1975 | D:3      | Found a faded altar of an unknown god.
  1981 | D:3      | Reached skill level 3 in Axes
  2219 | D:4      | Noticed a black bear
  2227 | D:4      | Killed a black bear
  2228 | D:4      | Reached skill level 1 in Dodging
  2228 | D:4      | Gained mutation: You regenerate health from kills. [demonic
                  | ancestry]
  2228 | D:4      | Reached XP level 5. HP: 32/41 MP: 5/5
  2303 | D:4      | Noticed an ogre
  2309 | D:4      | Killed an ogre
  2310 | D:4      | Reached XP level 6. HP: 48/48 MP: 6/6
  2339 | D:4      | Reached skill level 4 in Axes
  2357 | D:4      | Reached skill level 1 in Throwing
  2788 | D:5      | Entered Level 5 of the Dungeon
  2792 | D:5      | Reached XP level 7. HP: 53/53 MP: 7/7
  2800 | D:5      | Identified the amulet "Qorph" {Acrobat Int-4 Dex+6 SInv}
  2854 | D:4      | Reached skill level 5 in Axes
  2980 | D:4      | Reached skill level 1 in Evocations
  3072 | D:5      | Gained mutation: You regenerate a lot of health from kills.
                  | [demonic ancestry]
  3072 | D:5      | Reached XP level 8. HP: 59/61 MP: 8/8
  3100 | D:5      | Identified the +5 quarterstaff "Cooxzow" {freeze, Int+4}
  3511 | D:6      | Reached skill level 6 in Axes
  3716 | D:6      | Noticed Menkaure
  3724 | D:6      | Killed Menkaure
  3833 | D:6      | Found Tubed's Neck Hole.
  3836 | D:6      | Bought a +2 cloak for 231 gold pieces
  3956 | D:6      | Gained mutation: Your touch may inflict minor irresistible
                  | damage on your foes. [demonic ancestry]
  3956 | D:6      | Reached XP level 9. HP: 54/67 MP: 9/9
  4091 | D:6      | Found a staircase to the Ecumenical Temple.
  4099 | Temple   | Entered the Ecumenical Temple
  4099 | Temple   | Noticed a hellwing
  4100 | Temple   | Noticed Murux the pandemonium lord
  4341 | D:7      | Reached skill level 5 in Armour
  4347 | D:7      | Reached skill level 5 in Fighting
  4408 | D:7      | Reached skill level 7 in Axes
  4497 | D:7      | Identified the +6 rapier of the Winnowing Saviour {drain,
                  | rC+ Will+ Str+3}
  4759 | D:7      | Noticed Joseph
  4781 | D:7      | Killed Joseph
  5320 | D:1      | Bought a glowing helmet for 187 gold pieces
  5483 | D:8      | Reached skill level 8 in Axes
  5487 | D:8      | Reached skill level 1 in Stealth
  5572 | D:8      | Noticed Maggie
  5596 | D:8      | Killed Maggie
  5606 | D:8      | Found a flagged portal.
  5615 | Bailey   | Entered a bailey
  5716 | Bailey   | Gained mutation: You are surrounded by a moderate repulsion
                  | field. (EV +3) [demonic ancestry]
  5716 | Bailey   | Reached XP level 10. HP: 76/76 MP: 10/10
  5744 | Bailey   | Noticed an orc high priest
  5745 | Bailey   | Noticed a sun demon
  5766 | Bailey   | Slain by a sun demon

Illustrated notes

Levels and vault maps discovered:
D:1:      dpeg_arrival_tiny_d, layout_loops_ring, serial_shops, shop
D:2:      layout_basic, serial_glass, glass_columns_a, glass_columns_b,
          item_on_display_a
D:3:      layout_rooms, hellmonk_ecumenical_altar_heavens_door,
          minmay_misc_feat_iff, uniq_ijyb, uniq_terence
D:4:      layout_loops_ring, minmay_splitting_lines, minmay_cut_off
D:5:      layout_cave_pools
D:6:      layout_cave_pools, minmay_temple_entry_enclosed_plants,
          nicolae_shop_sticking_my_neck_out, uniq_menkaure
D:7:      layout_loops_corners, bh_walls_and_bars, uniq_joseph
D:8:      layout_gridville, enter_bailey_2, serial_shops,
          nicolae_shop_back_alley_shop, st_stairs_12, serial_park_tiny_2,
          ebering_dispersal_statue_hall, nicolae_lava_and_water,
          serial_bayou_pond_d, uniq_maggie
Temple:   nicolae_temple_panitentiary
Bailey:   bailey_axe_of_yendor_kennysheep, bailey

Skill      XL: |  1  2  3  4  5  6  7  8  9 |
---------------+----------------------------+-----
Shields        | 3 4 |  4.8
Armour         | 3 4 5 |  5.6
Axes           | 2 3 4 5 6 8 |  8.8
Dodging        | 1 2 3 4 |  4.3
Throwing       | 1 2 |  2.1
Fighting       | 4 5 |  5.7
Evocations     | 1 3 |  3.1
Stealth        | 1 |  1.0

Action                     |  1- 3 |  4- 6 |  7- 9 | 10-12 || total
---------------------------+-------+-------+-------+-------++-------
  Melee: War axe           |    72 |    73 |   374 |     2 ||   521
  Throw: Dart              |       |    17 |    11 |       ||    28
         Stone             |       |       |     9 |       ||     9
  Evoke: Wand              |       |       |     3 |       ||     3
    Use: Scroll            |       |       |    10 |       ||    10
         Potion            |       |       |     2 |       ||     2
 Armour: Scale mail        |    48 |    11 |       |       ||    59
         Ring mail         |       |    33 |   314 |       ||   347
         Leather armour    |       |       |     8 |     3 ||    11
  Dodge: Dodged            |    32 |    36 |   336 |     1 ||   405
  Block: Buckler           |    15 |    23 |    91 |       ||   129
         Kite shield       |       |       |    68 |       ||    68
